 Dungeon Crawl Stone Soup version 0.31-a0-819-gf6de2f5ab6 (webtiles) character file.

Game seed: 13647098471361634095

28 Leeroy the Changeling (level 3, -8/24 (26) HPs)
             Began as a Merfolk Shapeshifter on Sept 23, 2023.
             Mangled by Crazy Yiuf
             ... wielding a +3 quarterstaff of chaos
              (12 damage)
             ... on level 2 of the Dungeon.
             The game lasted 00:01:08 (986 turns).

Leeroy the Changeling (Merfolk Shapeshifter)         Turns: 986, Time: 00:01:08

HP:   -8/24 (26)    AC:  2    Str: 16    XL:     3   Next: 12%
MP:   3/3           EV: 12    Int:  9    God:
Gold: 67            SH:  0    Dex: 13    Spells: 2/2 levels left

rFire   . .          .
                       - Unarmed
rCold   . . .        (no shield)
rNeg    . . .        a - +0 animal skin
rPois   .            (helmet currently unavailable)
rElec   .            (cloak currently unavailable)
rCorr   .            (gloves currently unavailable)
SInv    .            (boots currently unavailable)
Will    .....        (no amulet)
Stlth   +            (no ring)
HPRegen 0.24/turn    (no ring)
MPRegen 0.08/turn

%: no passive effects
@: beast-form, drained
A: beast (slay +3), (nimble swimmer 2), mertail
a: Begin Untransformation


You were on level 2 of the Dungeon.
You were a hulking beast.
You visited 1 branch of the dungeon, and saw 2 of its levels.

You collected 67 gold pieces.

Inventory:

Hand Weapons
 l - the +6 hammer "Wudghos" {flame, rPois rF- rN+}
   (You found it on level 2 of the Dungeon)

   rF-:       It makes you vulnerable to fire.
   rPois:     It protects you from poison rN+: It protects you from negative
   energy.
Armour
 a - a +0 animal skin (worn)
Magical Staves
 i - a staff of death
Talismans
 c - a beast talisman (active)
 d - a flux talisman
Scrolls
 e - a scroll of identify {unknown}
 f - a scroll of fog {unknown}
 j - a scroll of teleportation {unknown}
 m - a scroll of butterflies {unknown}
Potions
 b - a potion of lignification
 g - 3 potions of curing {unknown}
 h - 3 potions of mutation {unknown}
 k - a potion of brilliance {unknown}


   Skills:
 - Level 1.1 Fighting
 - Level 2.6 Dodging
 - Level 3.2 Unarmed Combat
 + Level 5.3 Shapeshifting


You had 2 spell levels left.
You didn't know any spells.
Your spell library contained the following spells:

 Spells                   Type           Power      Damage    Failure   Level
 Summon Ice Beast         Ice/Summ       0%         N/A       99%         4
 Monstrous Menagerie      Summ           0%         N/A       100%        7
 Spellforged Servitor     Conj/Summ      0%         N/A       100%        7


Dungeon Overview and Level Annotations

Branches:
Dungeon (2/15)

Altars:

Shops:
D:1 (

Annotations:
D:2 Crazy Yiuf


Innate Abilities, Weirdness & Mutations

You are a hulking beast.
Your limbs bulge with bestial killing power. (Slay +3)
((You are very nimble when in or above water. (Stealth+, EV+, Speed+++)))
Your lower body shifts to a powerful aquatic tail in water.


Message History

l - the +6 hammer "Wudghos" {flame, rPois rF- rN+} You see here a +0 hammer.
m - a scroll labelled LENOMYQIEX You see here a +0 hammer.
Found six hammers.
Found a runed translucent door.
You see here a +0 hammer.
Found a hammer.
You see here a +0 hammer.
Crazy Yiuf shouts!
Crazy Yiuf waves his quarterstaff at you.
You see here a +0 hammer.
Found two hammers and a runed hammer.
Crazy Yiuf glowers.
You see here a +0 hammer.
As you open the door, it creaks loudly!
You hit Crazy Yiuf.
Crazy Yiuf is lightly wounded.
Crazy Yiuf hits you with a +3 quarterstaff of chaos.
You feel drained.
You hit Crazy Yiuf.
Crazy Yiuf is heavily wounded.
You hit Crazy Yiuf but do no damage.
Crazy Yiuf is heavily wounded.
Crazy Yiuf misses you.
You hit Crazy Yiuf but do no damage.
Crazy Yiuf is heavily wounded.
Crazy Yiuf hits you with a +3 quarterstaff of chaos!
Ouch! That really hurt!
Crazy Yiuf burns you.
* * * LOW HITPOINT WARNING * * *
You hit Crazy Yiuf.
Crazy Yiuf is heavily wounded.
Crazy Yiuf hits you with a +3 quarterstaff of chaos.
* * * LOW HITPOINT WARNING * * *
You barely miss Crazy Yiuf.
Crazy Yiuf is heavily wounded.
Crazy Yiuf says, "Race tired head!"
Crazy Yiuf hits you with a +3 quarterstaff of chaos!
Ouch! That really hurt!
You die...

###### #....#
#....####
♣♣♣♣♣##....'... ###
♣♣♣)♣).......####
#)))#♣))♣)...)....#
#.))gh♣♣♣♣.).....(#
#)))#♣♣ ♣♣....####
### ♣♣##.......
#...#### #.#.#
#.#.# ..#.# ### #


You could see Crazy Yiuf.

Vanquished Creatures
  A gnoll (D:1)
  2 endoplasms (D:1)
  2 goblins (D:1)
  4 hobgoblins (D:1)
  3 ball pythons (D:1)
  A bat (D:1)
  A frilled lizard (D:1)
  3 kobolds (D:1)
  2 rats (D:1)
19 creatures vanquished.

Notes
Turn   | Place    | Note
-------+----------+-------------------------------------------
     0 | D:1      | Leeroy the Merfolk Shapeshifter began the quest for the
                  | Orb.
     0 | D:1      | Reached XP level 1. HP: 15/15 MP: 1/1
   131 | D:1      | Reached XP level 2. HP: 16/21 MP: 2/2
   177 | D:1      | Found Isufrun's Weapon Shoppe.
   383 | D:1      | Reached skill level 5 in Shapeshifting
   383 | D:1      | Reached XP level 3. HP: 3/26 MP: 3/3
   518 | D:1      | Got a foxed book
   960 | D:2      | Identified the +6 hammer "Wudghos" {flame, rPois rF- rN+}
   976 | D:2      | Found a runed translucent door.
   977 | D:2      | Noticed Crazy Yiuf
   986 | D:2      | Mangled by Crazy Yiuf

Illustrated notes

Levels and vault maps discovered:
D:1:      dpeg_arrival_rooms_a, layout_basic, serial_shops, shop_statue
D:2:      layout_basic, uniq_crazy_yiuf_cottage, uniq_jessica

Skill      XL: |  1  2 |
---------------+-------+-----
Shapeshifting  | 5 |  5.3
Fighting       | |  1.1
Dodging        | |  2.6
Unarmed Combat | |  3.2

Action                     || total
---------------------------++-------
  Melee: Unarmed           ||    52
         Punch             ||     1
   Stab: Sleeping          ||     1
 Armour: Animal skin       ||    23
  Dodge: Dodged            ||    25

Table legend: (Time is in decaauts)
 A = Elapsed time spent in this place.
 B = Non-inter-level travel time spent in this place.
 C = Inter-level travel time spent in this place.
 D = Time resting spent in this place.
 E = Time spent auto-exploring this place.
 F = Levels seen in this place.
 G = Mean time per level.
                   A        B        C        D        E       F      G
               +--------+--------+--------+--------+--------+-----+--------+
         Total |    982 |    973 |      9 |      0 |    839 |   2 |  491.0 |
       Dungeon |    982 |    973 |      9 |      0 |    839 |   2 |  491.0 |
               +--------+--------+--------+--------+--------+-----+--------+

Top non-repeatable levels by time:
     D:1: 892 daAuts
     D:2: 90 daAuts
